 Dungeon Crawl Stone Soup version 0.31.0-12-g77e489cdc1 (webtiles) character file.

Game seed: 16989714491380261755

343 Doomgape the Trooper (level 6, -1/40 HPs)
             Began as a Gargoyle Fighter on Feb 24, 2024.
             Was an Initiate of Hepliaklqana.
             Splashed by a jelly's acid (6 damage)
             ... on level 4 of the Dungeon.
             The game lasted 00:10:53 (2924 turns).

Doomgape the Trooper (Gargoyle Fighter)             Turns: 2924, Time: 00:10:54

Health: -1/40      AC:  7    Str: 22    XL:     6   Next: 57%
Magic:  6/6        EV:  9    Int:  8    God:    Hepliaklqana [......]
Gold:   159        SH:  4    Dex:  9    Spells: 5/5 levels left

rFire   . . .        a - +0 flail
rCold   . . .        c - +0 buckler
rNeg    + . .        b - +0 scale mail
rPois   ∞            (no helmet)
rElec   +            (no cloak)
rCorr   .            (no gloves)
SInv    .            (no boots)
Will    .....        (no amulet) Stlth
                     (no ring)
HPRegen 0.26/turn    (no ring)
MPRegen 0.10/turn

%: no passive effects
@: corroded
A: sickness immunity, AC +4, negative energy resistance 1, electricity
resistance, torment resistance 1, petrification resistance
a: Renounce Religion


You were on level 4 of the Dungeon.
You worshipped Hepliaklqana.
Hepliaklqana was noncommittal.
You visited 1 branch of the dungeon, and saw 4 of its levels.

You collected 159 gold pieces.

Inventory:

Hand Weapons
 a - a +0 flail (weapon)
Missiles
 o - 6 javelins (quivered)
Armour
 b - a +0 scale mail (worn)
 c - a +0 buckler (worn)
Scrolls
 f - a scroll of torment {unknown}
 j - a scroll of enchant armour {unknown}
 k - 2 scrolls of butterflies {unknown}
 l - a scroll of acquirement {unknown}
 m - a scroll of teleportation {unknown}
 n - a scroll of identify {unknown}
Potions
 d - 2 potions of curing {unknown}
 e - a potion of haste {unknown}
 h - a potion of cancellation {unknown}
 i - a potion of enlightenment {unknown}


   Skills:
 + Level 5.3 Fighting
 + Level 4.1 Maces & Flails
 + Level 5.2 Armour
 - Level 3.2 Shields


You had 5 spell levels left.
You didn't know any spells.
Your spell library was empty.

Dungeon Overview and Level Annotations

Branches:
Dungeon (4/15)
 Temple: D:4-7

Altars:
Hepliaklqana
Zin

Shops:
D:2 ![*:=   D:4 :*


Innate Abilities, Weirdness & Mutations

You are immune to sickness and miasma.
Your stone body is resilient. (AC +4)
You are immune to poison.
You resist negative energy. (rN+)
You are resistant to electric shocks. (rElec)
You are resistant to unholy torment.
You are immune to petrification.


Message History

You hit the iguana.
The iguana is heavily wounded.
The iguana barely misses you.
You hit the iguana.
The iguana is heavily wounded.
The iguana bites you.
You hit the iguana but do no damage.
The iguana is heavily wounded.
The iguana closely misses you.
You hit the iguana but do no damage.
The iguana is heavily wounded.
The iguana barely misses you. The iguana closely misses you.
You sock the iguana!
You kill the iguana!
You see here an iguana corpse.
You start resting.
A jelly is nearby!
Found a black potion.
Found an escape hatch in the ceiling.
You block the jelly's attack.
You sock the jelly! The acid corrodes you!
Your hands burn!
The jelly is heavily wounded.
You block the jelly's attack.
You hit the jelly.
Your hands burn!
The jelly is almost dead.
The jelly barely misses you.
You hit the jelly but do no damage.
Your hands burn!
The jelly is almost dead.
The jelly barely misses you.
You hit the jelly but do no damage.
Your hands burn!
The jelly is almost dead.
The jelly completely misses you. The jelly hits you.
You are splashed with acid!
* * * LOW HITPOINT WARNING * * *
You hit the jelly but do no damage.
Your hands burn!
* * * LOW HITPOINT WARNING * * *
The jelly is almost dead.
The jelly hits you.
* * * LOW HITPOINT WARNING * * *
You are splashed with acid.
You die...

.?..⌠...⌠.# .# ######
.)....∩...##.# #....#
#...⌠...⌠....# #....#
#..........######....##
#..#.##.............#
#....)).......#.....#
##.#...)#####.#####.#
#.†......#.# #.#
#@######.#.# #.# #J#
..#####.# ..! ###.....#
....# #........ ...$.#
####.#.##... ......#
#....#.##.## .......#
#......##... <.......#
#..######### #...#


You could see a jelly.

Vanquished Creatures
  Sigmund (D:3)
  A bombardier beetle (D:3)
  An iguana (D:4)
  An orc wizard (D:3)
  3 adders
  A dart slug (D:4)
  A ribbon worm (D:2)
  7 orcs
  8 ball pythons
  4 endoplasms
  3 giant cockroaches
  3 goblins
  4 hobgoblins
  3 jackals (D:1)
  9 kobolds
  3 bats
  3 frilled lizards
  3 rats
  A spectral goblin (D:3)
60 creatures vanquished.

Vanquished Creatures (others)
  A rat (D:3)
1 creature vanquished.

Grand Total: 61 creatures vanquished

Notes
Turn   | Place    | Note
-------+----------+-------------------------------------------
     0 | D:1      | Doomgape the Gargoyle Fighter began the quest for the Orb.
     0 | D:1      | Reached XP level 1. HP: 14/14 MP: 1/1
    82 | D:1      | Reached XP level 2. HP: 17/19 MP: 2/2
   456 | D:1      | Found a faded altar of an unknown god.
   912 | D:2      | Reached XP level 3. HP: 24/24 MP: 3/3
   968 | D:2      | Found Efodwub's Distillery.
   994 | D:2      | Found Buxixkaex's Assorted Antiques.
  1019 | D:2      | Found Wauto's Armour Emporium.
  1190 | D:2      | Found Bizyzagg's Jewellery Shop.
  1228 | D:2      | Found Fozxorr's Book Shop.
  1583 | D:3      | Noticed Sigmund
  1627 | D:3      | Killed Sigmund
  1628 | D:3      | Reached XP level 4. HP: 15/30 MP: 4/4
  1628 | D:3      | Reached XP level 5. HP: 17/34 MP: 5/5
  1849 | D:3      | Reached skill level 5 in Fighting
  1849 | D:3      | Reached XP level 6. HP: 37/40 MP: 6/6
  1861 | D:3      | Found the +8 pair of quick blades "Gyre" and "Gimble"
                  | {protect}
  1892 | D:3      | Reached skill level 5 in Armour
  1964 | D:3      | Found a hazy altar of Hepliaklqana.
  1978 | D:3      | Became a worshipper of Hepliaklqana the Forgotten
  2614 | D:4      | Found Feruikk's General Store.
  2632 | D:4      | Found a glowing silver altar of Zin.
  2887 | D:4      | Found Rothrief's Vocational Training.
  2924 | D:4      | Splashed by a jelly's acid

Illustrated notes

Levels and vault maps discovered:
D:1:      dpeg_arrival_tiny_c, layout_basic, serial_glass, glass_columns_b,
          glass_columns_c, glass_columns_b, glass_columns_c, glass_columns_a,
          glass_columns_c, glass_columns_a, glass_columns_c,
          minmay_strange_pillars, item_on_display_b, minmay_strange_pillars,
          feat_on_display, chequers_ecumenical_altar_grove
D:2:      layout_loops_ring, serial_shops, nicolae_lakefront_shop, shop,
          nicolae_shop_tiny_statue_garden, nicolae_shop_real_fake_doors, shop,
          kennysheep_generic_room_15
D:3:      layout_basic, nicolae_hepliaklqana_monster_ancestors, uniq_sigmund
D:4:      layout_basic, old_standard_altar, serial_shops, nicolae_square_shop,
          nicolae_shop_vocational

Skill      XL: |  1  2  3  4  5  6 |
---------------+-------------------+-----
Fighting       | 4 5 |  5.3
Maces & Flails | 3 4 |  4.1
Armour         | 4 5 |  5.2
Shields        | |  3.2

Action                     |  1- 3 |  4- 6 || total
---------------------------+-------+-------++-------
  Melee: Flail             |    93 |   123 ||   216
    Use: Potion            |     3 |       ||     3
         Scroll            |       |     1 ||     1
 Armour: Scale mail        |    76 |   100 ||   176
  Dodge: Dodged            |    35 |    60 ||    95
  Block: Buckler           |    21 |    35 ||    56
